[Event "Titled Tuesday Blitz July 11 Late 2023"]
[White "Balla, Tamas-Kristof"]
[Black "Gyulamiryan-koryun"]
[WhiteFideId "1208497"]
[WhiteElo "2387"]
[BlackElo "1870"]
[Result "1-0"]
[Round "5"]
[TimeControl "180+2"]
[Date "2023.07.11"]
[WhiteClock "0:00:23"]
[BlackClock "0:00:00"]
[Board "160"]

1. e4 e5 2. Nf3 Nc6 3. Bc4 Nf6 4. Ng5 d5 5. exd5 Na5 6. Bb5+ c6 7. dxc6 bxc6 8. Bd3 Nb7 9. O-O h6 10. Ne4 Bf5 11. Nxf6+ Qxf6 12. Bxf5 Qxf5 13. Nc3 Bd6 14. d3 O-O 15. Ne4 Bc7 16. Be3 Nd6 17. Ng3 Qg6 18. Qf3 Nb5 19. Nf5 Rfe8 20. Rfe1 Bb6 21. a4 Nd4 22. Bxd4 Bxd4 23. Nxd4 exd4 24. h3 Re6 25. Rxe6 Qxe6 26. Qf4 c5 27. Qe4 Re8 28. Qxe6 Rxe6 29. Kf1 f5 30. Re1 Rb6 31. b3 Kf7 32. Re5 Kf6 33. Rxc5 Rd6 34. Ke2 g5 35. g3 h5 36. f4 g4 37. h4 Re6+ 38. Kd2 Re3 39. Rc6+ Kg7 40. Rc7+ Kg6 41. Rxa7 Rxg3 42. a5 Rg2+ 43. Kc1 Rf2 44. Ra8 Kg7 45. a6 g3 46. a7 g2 47. Rg8+ Kxg8 48. a8=Q+ Kg7 49. Qa7+ Kg6 50. Qb6+ Kf7 51. Qc7+ Kg6 52. Qd6+ Kf7 53. Qd5+ Kg6 54. Qd6+ Kf7 55. Qd7+ Kg6 56. Qe6+ Kg7 57. Qe7+ Kh8 58. Qf8+ Kh7 59. Qxf5+ Kh8 60. Qxh5+ Kg7 61. Qg5+ Kf7 62. Kb2 Rxf4 63. Qxf4+ Ke6 64. Qe4+ Kd6 65. Qxg2 1-0


[Site "https://www.chess.com"]

[Event "Titled Tuesday Blitz July 11 Late 2023"]
[White "Martin Carmona, Gaston Manuel"]
[Black "Gazola, Vanessa Ramos"]
[WhiteFideId "22284567"]
[BlackFideId "2112590"]
[WhiteElo "2503"]
[BlackElo "2065"]
[Result "1-0"]
[Round "5"]
[TimeControl "180+2"]
[Date "2023.07.11"]
[WhiteClock "0:00:56"]
[BlackClock "0:00:21"]
[Board "161"]

1. Nf3 Nf6 2. c4 e6 3. g3 d5 4. d4 Be7 5. Bg2 O-O 6. O-O dxc4 7. Qc2 a6 8. a4 Bd7 9. Qxc4 Bc6 10. Bf4 Nbd7 11. Nc3 Nb6 12. Qd3 Nbd5 13. Bg5 Nxc3 14. bxc3 Be4 15. Qe3 Bd5 16. Qd3 Be4 17. Qd1 c5 18. e3 Rc8 19. Ne5 Bxg2 20. Kxg2 cxd4 21. cxd4 h6 22. Bxf6 Bxf6 23. Nd3 Qd5+ 24. Qf3 Qxf3+ 25. Kxf3 b5 26. a5 Rc6 27. Nb4 Rd6 28. Ke4 Rc8 29. Rfc1 Rxc1 30. Rxc1 Be7 31. Rc8+ Kh7 32. Rc7 Bf6 33. Rxf7 Kg6 34. Ra7 Rd8 35. Rxa6 Rc8 36. Rxe6 Rc4 37. Nd5 Rb4 38. Nxb4 1-0


[Site "https://www.chess.com"]

[Event "Titled Tuesday Blitz July 11 Late 2023"]
[White "Cardenas Carbajal, Nilson"]
[Black "Blitz"]
[WhiteFideId "8401128"]
[WhiteElo "2147"]
[BlackElo "2500"]
[Result "1-0"]
[Round "5"]
[TimeControl "180+2"]
[Date "2023.07.11"]
[WhiteClock "0:00:08"]
[BlackClock "0:00:03"]
[Board "162"]

1. e4 c5 2. d4 cxd4 3. c3 dxc3 4. Nxc3 Nc6 5. Nf3 d6 6. Bc4 a6 7. O-O e6 8. Qe2 Nf6 9. Rd1 Qc7 10. Bf4 Be7 11. Rac1 O-O 12. Bb3 Rd8 13. Nd5 exd5 14. exd5 Bf5 15. dxc6 bxc6 16. Nd4 Be4 17. Nxc6 Bxc6 18. Ba4 Rac8 19. Rxc6 Qb7 20. Rxc8 Rxc8 21. h3 d5 22. Re1 Bb4 23. Rd1 h6 24. Qf3 Bc5 25. Bxh6 Ne4 26. Be3 Qxb2 27. Bxc5 Rxc5 28. Bb3 Qe5 29. Qe3 Rc3 30. Qd4 Qf4 31. Bxd5 Rc2 32. Bxe4 Rxf2 33. Qd8# 1-0


[Site "https://www.chess.com"]

[Event "Titled Tuesday Blitz July 11 Late 2023"]
[White "Khairat , Ahmed"]
[Black "Vila Dupla, Aurelio"]
[WhiteFideId "10624171"]
[BlackFideId "2203383"]
[WhiteElo "2381"]
[BlackElo "2146"]
[Result "0-1"]
[Round "5"]
[TimeControl "180+2"]
[Date "2023.07.11"]
[WhiteClock "0:00:18"]
[BlackClock "0:00:21"]
[Board "163"]

1. e4 c5 2. Nf3 d6 3. d4 cxd4 4. Nxd4 Nf6 5. Nc3 g6 6. Be3 Bg7 7. Bc4 O-O 8. Bb3 Nc6 9. f3 Ne5 10. g4 a6 11. h4 b5 12. h5 Nc4 13. Bxc4 bxc4 14. hxg6 fxg6 15. Qe2 Qc7 16. O-O-O e5 17. Qh2 exd4 18. Bxd4 Bh8 19. Qh6 Bb7 20. Rh2 Rf7 21. Rdh1 Bg7 22. Qh4 Rb8 23. f4 Re8 24. e5 dxe5 25. Bxe5 Rxe5 26. fxe5 Qxe5 27. Re1 Qf4+ 28. Kb1 Qxg4 29. Re8+ Bf8 30. Qxg4 Nxg4 31. Rd2 Nf6 32. Rb8 Kg7 33. b3 Bb4 34. Kb2 Bxc3+ 35. Kxc3 Ne4+ 36. Kxc4 Nxd2+ 37. Kd3 Ne4 38. c4 h5 39. b4 h4 40. a4 h3 0-1


[Site "https://www.chess.com"]

[Event "Titled Tuesday Blitz July 11 Late 2023"]
[White "deloewre"]
[Black "Omariev, Maksim"]
[BlackFideId "4193423"]
[WhiteElo "2118"]
[BlackElo "2378"]
[Result "0-1"]
[Round "5"]
[TimeControl "180+2"]
[Date "2023.07.11"]
[WhiteClock "0:00:00"]
[BlackClock "0:00:06"]
[Board "164"]

1. d4 d5 2. c4 Nf6 3. cxd5 Nxd5 4. Nf3 Bf5 5. Nc3 e6 6. e3 Nd7 7. Bd3 Bxd3 8. Qxd3 Nxc3 9. bxc3 Bd6 10. O-O O-O 11. e4 e5 12. Bg5 Qe8 13. Rfe1 f6 14. Bh4 Qh5 15. Bg3 Rae8 16. Rab1 b6 17. h3 a5 18. Nh4 g6 19. Qf3 Qh6 20. Qg4 Qg7 21. Rbd1 Re7 22. Nf3 h5 23. Qh4 Qh6 24. Bh2 g5 25. Qg3 exd4 26. e5 Nxe5 27. Nxe5 Bxe5 28. Rxe5 fxe5 29. cxd4 Rd8 30. d5 Qf6 31. Qe3 Kg7 32. Bg3 Kg6 33. Qd3+ Qf5 34. Qe3 Red7 35. Bxe5 Re8 36. Re1 Rde7 0-1


[Site "https://www.chess.com"]

[Event "Titled Tuesday Blitz July 11 Late 2023"]
[White "Silvestre, Christian"]
[Black "Winkels, Marcel"]
[WhiteFideId "30956269"]
[BlackFideId "1003887"]
[WhiteElo "2334"]
[BlackElo "2112"]
[Result "1-0"]
[Round "5"]
[TimeControl "180+2"]
[Date "2023.07.11"]
[WhiteClock "0:00:32"]
[BlackClock "0:00:00"]
[Board "165"]

1. e4 c5 2. Nf3 e6 3. c3 Nf6 4. e5 Nd5 5. Bc4 Nb6 6. Bb3 c4 7. Bc2 d5 8. exd6 Qxd6 9. Qe2 Be7 10. O-O O-O 11. Rd1 Nc6 12. d3 Qd5 13. Nbd2 cxd3 14. Bxd3 Qh5 15. Ne4 e5 16. Ng3 Qg4 17. a4 Qe6 18. a5 Nd7 19. Bc4 Qg6 20. h4 h5 21. Ng5 Bxg5 22. Bxg5 Nc5 23. Qxh5 Qxh5 24. Nxh5 Bg4 25. Ng3 Bxd1 26. Rxd1 Kh8 27. b4 Ne6 28. Be3 Rad8 29. Re1 f5 30. Bxe6 f4 31. Bc5 fxg3 32. Bxf8 gxf2+ 33. Kxf2 Rxf8+ 34. Kg3 Rf6 35. Bd5 Rf5 36. a6 Nd8 37. axb7 1-0


[Site "https://www.chess.com"]

[Event "Titled Tuesday Blitz July 11 Late 2023"]
[White "campochess"]
[Black "Elaisaz"]
[WhiteElo "2108"]
[BlackElo "2283"]
[Result "1-0"]
[Round "5"]
[TimeControl "180+2"]
[Date "2023.07.11"]
[WhiteClock "0:00:15"]
[BlackClock "0:00:28"]
[Board "166"]

1. d4 e6 2. c4 Nf6 3. Nf3 b6 4. g3 Bb7 5. Bg2 Bb4+ 6. Bd2 Be7 7. Nc3 O-O 8. Qc2 c5 9. e3 cxd4 10. exd4 d5 11. cxd5 Nxd5 12. O-O Nb4 13. Qd1 N8c6 14. a3 Nd5 15. Ne2 Nf6 16. Rc1 Rc8 17. Qa4 Qd7 18. Rfd1 Rfd8 19. Bg5 Nd5 20. Bxe7 Qxe7 21. Ne5 Nxe5 22. dxe5 Rxc1 23. Rxc1 Qg5 24. Qxa7 Ba8 25. f4 Qg4 26. Nd4 Nxf4 27. Qxb6 Rf8 28. Bxa8 Nh3+ 29. Kg2 Nf4+ 30. Kf2 Nh3+ 31. Ke1 Rxa8 32. Qb7 Rf8 33. Rc8 g6 34. Rxf8+ Kxf8 35. Nc6 Qe4+ 36. Kd1 Nf2+ 37. Kc1 Nd3+ 38. Kd2 Nxe5 39. Qb8+ Kg7 40. Qxe5+ Qxe5 41. Nxe5 Kf6 42. Nd3 e5 43. a4 Ke6 1-0


[Site "https://www.chess.com"]

[Event "Titled Tuesday Blitz July 11 Late 2023"]
[White "Hartikainen, Jarmo"]
[Black "Manon-og, Ramon Jr."]
[WhiteFideId "503134"]
[BlackFideId "5200776"]
[WhiteElo "2105"]
[BlackElo "2282"]
[Result "0-1"]
[Round "5"]
[TimeControl "180+2"]
[Date "2023.07.11"]
[WhiteClock "0:00:00"]
[BlackClock "0:01:45"]
[Board "167"]

1. e4 c5 2. c3 Nf6 3. e5 Nd5 4. d4 cxd4 5. Nf3 Nc6 6. cxd4 d6 7. Nc3 Nxc3 8. bxc3 dxe5 9. d5 Nb8 10. Nxe5 Qc7 11. Qd4 Nd7 12. Bb5 a6 13. Bxd7+ Bxd7 14. Bf4 Rc8 15. Rc1 Qa5 16. Nxd7 Kxd7 17. O-O Qc5 18. Qe5 Qd6 19. Qf5+ e6 20. Qxf7+ Qe7 21. dxe6+ Kc6 22. Rfd1 Qxf7 23. exf7 Bc5 24. Rd2 Rhf8 25. Rcd1 Rxf7 26. Bg3 Rcf8 27. h3 g5 28. a4 h5 29. h4 gxh4 30. Bxh4 Rf4 31. a5 Rxh4 32. g3 Rg4 33. Kg2 h4 34. Rd3 Rxf2+ 35. Kh3 Rxg3+ 36. Kxh4 Rg8 0-1


[Site "https://www.chess.com"]

[Event "Titled Tuesday Blitz July 11 Late 2023"]
[White "Alexikov, Alexander"]
[Black "Blackwhite017"]
[WhiteFideId "14103958"]
[WhiteElo "2228"]
[BlackElo "2003"]
[Result "0-1"]
[Round "5"]
[TimeControl "180+2"]
[Date "2023.07.11"]
[WhiteClock "0:00:00"]
[BlackClock "0:00:13"]
[Board "168"]

1. e4 c5 2. Nf3 d6 3. d4 cxd4 4. Nxd4 Nf6 5. Nc3 g6 6. Be3 Bg7 7. f3 O-O 8. Qd2 Nc6 9. O-O-O d5 10. Qe1 e5 11. Nxc6 bxc6 12. Bc4 Be6 13. Bb3 Qc7 14. Bg5 d4 15. Na4 c5 16. Bxe6 fxe6 17. c4 Rab8 18. b3 Rb4 19. Nb2 Nh5 20. Bd2 Rb7 21. Kc2 Nf4 22. g3 Nh5 23. Qe2 Nf6 24. Rhf1 Ne8 25. Nd3 Nd6 26. Rb1 a5 27. f4 exf4 28. Bxf4 Qc6 29. Bxd6 Qxd6 30. e5 Qc6 31. Rxf8+ Bxf8 32. a4 Rf7 33. Rf1 Rxf1 34. Qxf1 Qe4 35. Qf4 Qe2+ 36. Qd2 Qxd2+ 37. Kxd2 Kf7 38. Ke2 g5 39. Kf3 Kg6 40. g4 h5 41. h3 hxg4+ 42. Ke4 gxh3 43. Kf3 Kf5 44. Kg3 Ke4 45. Nf2+ Kxe5 46. Nxh3 Kf5 47. Nf2 e5 48. Kf3 Be7 0-1


[Site "https://www.chess.com"]

[Event "Titled Tuesday Blitz July 11 Late 2023"]
[White "Lutz, Igor Oscar"]
[Black "Fominykh, Maria"]
[WhiteFideId "2110806"]
[BlackFideId "4142411"]
[WhiteElo "1980"]
[BlackElo "2226"]
[Result "1/2-1/2"]
[Round "5"]
[TimeControl "180+2"]
[Date "2023.07.11"]
[WhiteClock "0:00:09"]
[BlackClock "0:00:06"]
[Board "169"]

1. d4 Nf6 2. c4 g6 3. Nc3 Bg7 4. e4 d6 5. Nf3 O-O 6. Be2 e5 7. Be3 Ng4 8. Bg5 f6 9. Bd2 Nc6 10. d5 Ne7 11. h3 Nh6 12. Rb1 c6 13. b4 cxd5 14. cxd5 f5 15. Bg5 Nf7 16. Be3 f4 17. Bd2 Bd7 18. Rc1 a6 19. Qb3 b5 20. a4 Qb6 21. axb5 axb5 22. O-O g5 23. Ra1 Ng6 24. Ra2 Rxa2 25. Qxa2 h5 26. Qa5 Rb8 27. Qxb6 Rxb6 28. Ra1 g4 29. hxg4 hxg4 30. Ne1 Ng5 31. f3 gxf3 32. Nxf3 Nxf3+ 33. gxf3 Nh4 34. Ra5 Rb7 35. Kf2 Rc7 36. Bxb5 Bxb5 37. Rxb5 Bf8 38. Rb8 Ng6 39. b5 Rc4 40. b6 Rb4 41. b7 Ne7 42. Ne2 Rb2 43. Bc3 Rb5 44. Ba5 Kf7 45. Bd8 Ng6 46. Bc7 Rb2 47. Rxf8+ Nxf8 48. b8=Q Rxb8 49. Bxb8 Ke7 50. Nc3 Kd7 51. Nb5 Ng6 52. Bxd6 Ke8 53. Bc7 Kd7 54. d6 Kc6 55. Nc3 Kd7 56. Ke2 Nf8 57. Kd3 Ne6 58. Kc4 Nd4 59. Nb5 Nxf3 60. Na7 Ng5 61. Kd3 f3 62. Ke3 f2 63. Kxf2 Nxe4+ 64. Ke3 Nxd6 65. Bxd6 Kxd6 66. Nb5+ Kc5 67. Nc3 e4 68. Nxe4+ 1/2-1/2


[Site "https://www.chess.com"]

[Event "Titled Tuesday Blitz July 11 Late 2023"]
[White "Thiel, Thomas"]
[Black "Sainz Aguirre, Ignacio"]
[WhiteFideId "4615964"]
[BlackFideId "5101727"]
[WhiteElo "2211"]
[BlackElo "1978"]
[Result "0-1"]
[Round "5"]
[TimeControl "180+2"]
[Date "2023.07.11"]
[WhiteClock "0:01:30"]
[BlackClock "0:00:57"]
[Board "170"]

1. e4 e6 2. d4 d5 3. Nc3 Bb4 4. e5 c5 5. a3 Bxc3+ 6. bxc3 Qa5 7. Bd2 Qa4 8. dxc5 Nd7 9. f4 Ne7 10. c4 Nxc5 11. c3 Bd7 12. Qxa4 Bxa4 13. Rb1 O-O-O 14. Nf3 Ne4 15. Bd3 Nxd2 16. Nxd2 dxc4 17. Bxc4 Nf5 18. Ne4 Bc2 19. Nd2 Bxb1 20. Nxb1 Ne3 21. Bb3 Nxg2+ 22. Kf2 Nxf4 23. Kf3 Nd3 24. Ke4 Nc5+ 0-1


[Site "https://www.chess.com"]

[Event "Titled Tuesday Blitz July 11 Late 2023"]
[White "UgarteCesar"]
[Black "Gamboa, Juan Pablo"]
[BlackFideId "105180"]
[WhiteElo "2196"]
[BlackElo "1915"]
[Result "1/2-1/2"]
[Round "5"]
[TimeControl "180+2"]
[Date "2023.07.11"]
[WhiteClock "0:00:10"]
[BlackClock "0:00:12"]
[Board "172"]

1. d4 e6 2. Bf4 d5 3. e3 Bd6 4. Bg3 Nf6 5. Nf3 O-O 6. Bd3 c5 7. c3 Qc7 8. Ne5 Nbd7 9. f4 Ne4 10. Nd2 cxd4 11. exd4 Nxd2 12. Qxd2 f6 13. Nxd7 Bxd7 14. O-O e5 15. fxe5 fxe5 16. dxe5 Bxe5 17. Bxe5 Qxe5 18. Rae1 Rxf1+ 19. Bxf1 Qd6 20. Be2 Re8 21. Rd1 Qb6+ 22. Kh1 Bc6 23. Bf3 Kh8 24. h3 h6 25. b4 a5 26. a3 axb4 27. axb4 Qe3 28. Qd4 Qxd4 29. Rxd4 Re3 30. c4 dxc4 31. Bxc6 bxc6 32. Rxc4 Rb3 33. h4 g6 34. g4 Kg7 35. Kg2 h5 36. gxh5 g5 37. hxg5 Rb2+ 38. Kg3 Rb3+ 39. Kf4 Rb1 40. Ke5 Re1+ 41. Kd6 Rg1 42. Rc5 Rg4 43. Rxc6 Rxb4 44. Rc7+ Kg8 45. Ke6 Rh4 46. h6 Rf4 47. g6 Rf8 48. Re7 Ra8 49. Kf6 Ra6+ 50. Re6 Ra8 51. g7 Kh7 52. Kf7 Ra7+ 53. Re7 Ra8 54. g8=Q+ Rxg8 55. Kf6+ Kh8 56. Rf7 Ra8 57. Kg6 Ra6+ 58. Rf6 Rxf6+ 59. Kxf6 Kh7 60. Kg5 Kh8 61. Kg6 Kg8 62. h7+ Kh8 63. Kh6 1/2-1/2


[Site "https://www.chess.com"]

[Event "Titled Tuesday Blitz July 11 Late 2023"]
[White "Maghsoodloo, Parham"]
[Black "Fedoseev, Vladimir"]
[WhiteFideId "12539929"]
[BlackFideId "24130737"]
[WhiteElo "2988"]
[BlackElo "3084"]
[Result "0-1"]
[Round "6"]
[TimeControl "180+2"]
[Date "2023.07.11"]
[WhiteClock "0:00:03"]
[BlackClock "0:00:06"]
[Board "1"]

1. e4 e5 2. Nf3 Nc6 3. Bb5 Nf6 4. d3 Bc5 5. c3 O-O 6. O-O Re8 7. Bg5 a6 8. Bxc6 dxc6 9. d4 exd4 10. cxd4 Be7 11. Nbd2 Bg4 12. Re1 c5 13. dxc5 Nd7 14. Bxe7 Qxe7 15. b4 Ne5 16. Qb3 Rad8 17. Nxe5 Qxe5 18. Nf1 Qd4 19. Ng3 h5 20. h3 Be6 21. Qe3 h4 22. Nh5 Qxe3 23. Rxe3 Rd2 24. a3 Red8 25. Nf4 Bc4 26. Rc3 R8d4 27. Rac1 Bb5 28. f3 c6 29. R3c2 g5 30. Nh5 Rxc2 31. Rxc2 Rd3 32. Kf2 Kf8 33. Nf6 Ke7 34. e5 Rxa3 35. Rd2 Bd3 36. Ke3 Bf5+ 37. Kf2 Ke6 38. Ne8 Kxe5 39. Nd6 Be6 40. Nxb7 Bd5 41. Nd6 Rb3 42. Ra2 Rxf3+ 43. gxf3 Bxa2 44. Ke3 Bd5 45. Nc8 Be6 46. Nb6 Bxh3 47. Nc4+ Kd5 48. Nd6 Be6 49. Ne4 g4 50. fxg4 Kc4 51. g5 h3 52. Kf2 h2 53. Ng3 Bd5 54. Ke3 h1=Q 55. Nxh1 Bxh1 0-1


[Site "https://www.chess.com"]

[Event "Titled Tuesday Blitz July 11 Late 2023"]
[White "Paravyan, David"]
[Black "Svane, Rasmus"]
[WhiteFideId "4194985"]
[BlackFideId "4657101"]
[WhiteElo "3025"]
[BlackElo "2964"]
[Result "1/2-1/2"]
[Round "6"]
[TimeControl "180+2"]
[Date "2023.07.11"]
[WhiteClock "0:00:04"]
[BlackClock "0:00:10"]
[Board "2"]

1. e4 e5 2. Nf3 Nc6 3. Bb5 a6 4. Ba4 Nf6 5. O-O Be7 6. Re1 b5 7. Bb3 O-O 8. h3 Bb7 9. d3 d5 10. exd5 Nxd5 11. Nxe5 Nd4 12. Nc3 Nxb3 13. axb3 Nb4 14. Bd2 c5 15. Ne4 f5 16. Ng3 Qd5 17. Nf3 Bf6 18. Bc3 Qd7 19. Bxf6 Rxf6 20. Nh5 Rff8 21. Ne5 Qd6 22. c3 Rae8 23. f4 Nc6 24. d4 cxd4 25. cxd4 Nxd4 26. Qd3 Qd5 27. Qg3 Re7 28. Nc6 Rxe1+ 29. Rxe1 Qf7 30. Re7 Ne2+ 31. Rxe2 Bxc6 32. Qg5 h6 33. Qh4 Re8 34. Rxe8+ Qxe8 35. Ng3 Qe6 36. Kh2 Kh7 37. Qh5 Bd7 38. Qd1 Bc6 39. b4 Qc4 40. Qd2 Be4 41. Qc3 Qd5 42. Nh5 Qb7 43. g4 Qd7 44. Kg3 fxg4 45. hxg4 Bg6 46. Kh4 Bxh5 47. Kxh5 Qd1 48. Kh4 Qh1+ 49. Kg3 Qe4 50. f5 h5 51. gxh5 Qxf5 52. Qf3 Qe5+ 53. Kg4 Qd4+ 54. Qf4 Qxb2 55. Qf5+ Kg8 56. Qc8+ Kf7 57. Qd7+ Kf6 58. Qd6+ Kf7 59. Qd7+ Kg8 60. Qc8+ Kh7 61. Qf5+ Kh8 62. Qc8+ Kh7 63. Qf5+ 1/2-1/2


[Site "https://www.chess.com"]

[Event "Titled Tuesday Blitz July 11 Late 2023"]
[White "Licznerski, Lukasz"]
[Black "Andreikin, Dmitry"]
[WhiteFideId "1179250"]
[BlackFideId "4158814"]
[WhiteElo "2816"]
[BlackElo "3023"]
[Result "1-0"]
[Round "6"]
[TimeControl "180+2"]
[Date "2023.07.11"]
[WhiteClock "0:00:26"]
[BlackClock "0:01:54"]
[Board "3"]

1. e4 c5 2. Nf3 e6 3. d4 cxd4 4. Nxd4 a6 5. Bd3 g6 6. O-O Bg7 7. Nf3 Ne7 8. c4 O-O 9. Nc3 Nbc6 10. Bf4 d6 11. Be2 Ne5 12. c5 Nxf3+ 13. Bxf3 dxc5 14. Qxd8 Rxd8 15. Na4 Nc6 16. Nb6 Ra7 17. Bc7 Re8 18. Rac1 Bd4 19. e5 Nxe5 20. Bxe5 Bxe5 21. Rxc5 Bxb2 22. Rb1 Bd4 23. Rxc8 Rxc8 24. Nxc8 Ra8 25. Bxb7 Rb8 26. Ne7+ 1-0


[Site "https://www.chess.com"]

[Event "Titled Tuesday Blitz July 11 Late 2023"]
[White "Antipov, Mikhail Al."]
[Black "Carlsen, Magnus"]
[WhiteFideId "4107012"]
[BlackFideId "1503014"]
[WhiteElo "2915"]
[BlackElo "3281"]
[Result "1/2-1/2"]
[Round "6"]
[TimeControl "180+2"]
[Date "2023.07.11"]
[WhiteClock "0:00:09"]
[BlackClock "0:00:07"]
[Board "4"]

1. e4 a6 2. d4 c6 3. Bd3 d5 4. exd5 Qxd5 5. Nf3 Bg4 6. Nc3 Qd8 7. O-O e6 8. Ne4 Nd7 9. Ng3 Ngf6 10. h3 Bxf3 11. Qxf3 Bd6 12. c3 Qc7 13. Re1 O-O 14. Bg5 h6 15. Bd2 c5 16. Ne4 cxd4 17. cxd4 Nxe4 18. Rxe4 Nf6 19. Bxh6 Nxe4 20. Qxe4 g6 21. h4 Qa5 22. Qg4 Qh5 23. Qxh5 gxh5 24. Bxf8 Bxf8 25. Be2 Bg7 26. Rd1 Rd8 27. Bxh5 Bxd4 28. Kf1 Kg7 29. b4 b6 30. Rc1 Be5 31. Rc6 Rd2 32. g3 Bd4 33. f3 Rf2+ 34. Ke1 Rxa2 35. Rc7 Bf2+ 36. Kd1 Kh6 37. Bxf7 Bxg3 38. Rc6 Bf2 39. Bxe6 Ra1+ 40. Kc2 Kh5 41. Rc4 Bxh4 42. Bf7+ Kg5 43. Rg4+ Kf6 44. Rxh4 Kxf7 45. Rh6 b5 46. Rb6 Ra4 47. Kb3 Ke7 48. f4 Ra1 49. f5 Rf1 50. Rxa6 Rf3+ 51. Kb2 Rxf5 52. Rc6 Kd7 53. Rh6 Rf2+ 54. Kc3 Rf4 55. Rh5 Kc6 56. Rh6+ Kc7 57. Rh5 Kc6 58. Rh6+ Kc7 59. Rh5 Kc6 1/2-1/2


[Site "https://www.chess.com"]

[Event "Titled Tuesday Blitz July 11 Late 2023"]
[White "Oparin, Grigoriy"]
[Black "Firouzja, Alireza"]
[WhiteFideId "24125890"]
[BlackFideId "12573981"]
[WhiteElo "2987"]
[BlackElo "3090"]
[Result "0-1"]
[Round "6"]
[TimeControl "180+2"]
[Date "2023.07.11"]
[WhiteClock "0:00:00"]
[BlackClock "0:00:04"]
[Board "5"]

1. Nf3 c5 2. c4 Nc6 3. Nc3 g6 4. e3 Bg7 5. d4 d6 6. d5 Na5 7. Bd2 Nf6 8. Bd3 O-O 9. O-O e6 10. e4 exd5 11. cxd5 a6 12. a4 Re8 13. Re1 Bg4 14. Ra3 Nd7 15. h3 Bxf3 16. Qxf3 Ne5 17. Qe2 Qb6 18. Bc1 Nb3 19. Be3 Nd4 20. Bxd4 cxd4 21. Nd1 Qb4 22. Kf1 Bh6 23. Kg1 Rac8 24. Rf1 Rc1 25. f4 Nxd3 26. Qxd3 Qc4 27. g3 Qxd3 28. Rxd3 Rxe4 29. Nf2 Ree1 30. Rxe1 Rxe1+ 31. Kg2 Bg7 32. Rd1 Re2 33. b3 Rb2 34. Rd3 f5 35. Kf3 Kf7 36. g4 Bf6 37. gxf5 gxf5 38. Nh1 h5 39. Ng3 Rh2 40. Rd1 Kg6 41. Rh1 Rb2 42. Rg1 Rxb3+ 43. Ke2 d3+ 44. Kd2 Bd4 45. Rc1 h4 46. Nf1 Bc5 47. Ne3 Bb4+ 48. Kd1 d2 0-1


[Site "https://www.chess.com"]

[Event "Titled Tuesday Blitz July 11 Late 2023"]
[White "Sarana, Alexey"]
[Black "Pranav, V"]
[WhiteFideId "24133795"]
[BlackFideId "25060783"]
[WhiteElo "3054"]
[BlackElo "2964"]
[Result "1-0"]
[Round "6"]
[TimeControl "180+2"]
[Date "2023.07.11"]
[WhiteClock "0:00:09"]
[BlackClock "0:00:02"]
[Board "6"]

1. d4 Nf6 2. c4 e6 3. Nc3 Bb4 4. e3 O-O 5. Bd3 d5 6. a3 Be7 7. Nf3 b6 8. O-O Bb7 9. cxd5 exd5 10. b4 a6 11. Ne5 Nbd7 12. f4 c5 13. bxc5 bxc5 14. Rb1 Qc7 15. Bf5 cxd4 16. exd4 Rab8 17. Qd3 g6 18. Bh3 Nxe5 19. fxe5 Ne4 20. Bd2 Nxc3 21. Bxc3 Bc6 22. Qxa6 Bd7 23. Ba5 Qc6 24. Qxc6 Bxc6 25. Bb4 Bxb4 26. axb4 Rb6 27. Rf6 Rfb8 28. Rd6 Kf8 29. g3 Ke7 30. Kf2 Be8 31. Rxb6 Rxb6 32. Bf1 f6 33. exf6+ Rxf6+ 34. Ke3 Re6+ 35. Kd2 Re4 36. Re1 Rxe1 37. Kxe1 g5 38. Kd2 Kd6 39. b5 Kc7 40. Kc3 Kb6 41. Kb4 h6 42. Bg2 Bf7 43. Bh3 Bg8 44. Bd7 Bf7 45. Bc6 Be6 46. Kc3 Kc7 47. Kd3 Kd6 48. Ke3 Kc7 49. Be8 Kb6 50. Kf3 Ka5 51. h4 Kb6 52. Bc6 Ka5 53. Kf2 Kb6 54. Be8 Ka5 55. Ke3 Kb6 56. Kd2 Ka5 57. Kc3 Kb6 58. Kb4 Bg8 59. Bd7 Bf7 60. Kc3 Kc7 61. Bg4 Kb6 62. Be2 Be6 63. Kd2 Kc7 64. Kc2 Kb6 65. Kb3 Bd7 66. Bf3 Be6 67. Kb4 Bf7 68. Bg4 Bg8 69. Bf5 Bf7 70. hxg5 hxg5 71. Bd7 Bg8 72. Kc3 Bf7 73. Kd3 Kc7 74. Bc6 Be6 75. Kd2 Kb6 76. Kc3 Kc7 77. Kb4 Kb6 78. Be8 Bg8 79. Bd7 Bf7 80. Bf5 Bg8 81. Bg6 Be6 82. Bh5 Bd7 83. Bf7 Bxb5 84. Bxd5 Be2 85. Be4 Bd1 86. Kc4 Kc7 87. Kd5 Kd7 88. Ke5 Ke7 89. Kf5 g4 90. Kf4 Kd6 91. Kf5 Be2 92. Kf4 Bd1 93. Ke3 Ke6 94. Kd2 Ba4 95. Bb7 Bd7 96. Ke3 Kd6 97. Kf4 Be6 98. Be4 Bd7 99. Bf5 Bxf5 100. Kxf5 Kd5 101. Kxg4 Kxd4 102. Kf5 1-0


[Site "https://www.chess.com"]

[Event "Titled Tuesday Blitz July 11 Late 2023"]
[White "Deac, Bogdan-Daniel"]
[Black "Grigoriants, Sergey"]
[WhiteFideId "1226380"]
[BlackFideId "4130804"]
[WhiteElo "2997"]
[BlackElo "2927"]
[Result "1/2-1/2"]
[Round "6"]
[TimeControl "180+2"]
[Date "2023.07.11"]
[WhiteClock "0:00:13"]
[BlackClock "0:00:15"]
[Board "7"]

1. d4 d5 2. Bf4 Nf6 3. e3 c5 4. c3 Nc6 5. Nd2 Bf5 6. Ngf3 e6 7. Nh4 Bg4 8. Qa4 Nd7 9. Nhf3 Be7 10. Be2 O-O 11. O-O a6 12. Qd1 h6 13. h3 Bf5 14. Re1 Rc8 15. Nf1 b5 16. a3 Qb6 17. Bd3 Bxd3 18. Qxd3 Rfd8 19. Qe2 Nf6 20. Ng3 a5 21. Red1 cxd4 22. exd4 b4 23. axb4 axb4 24. Be3 bxc3 25. bxc3 Ra8 26. Ne5 Rxa1 27. Rxa1 Qb7 28. Qa6 Qxa6 29. Rxa6 Nxe5 30. dxe5 Nd7 31. Bd4 Kf8 32. f4 g6 33. Nf1 h5 34. g4 hxg4 35. hxg4 Nc5 36. Ra7 Ne4 37. f5 gxf5 38. gxf5 exf5 39. Ne3 Nxc3 40. Kg2 Nb5 41. Ra4 Nxd4 42. Rxd4 Bc5 43. Rxd5 Rxd5 44. Nxd5 Bd4 45. Kf3 Bxe5 46. Ne3 f4 47. Ng4 f6 48. Nf2 Kf7 49. Nd3 Ke6 50. Nxf4+ Bxf4 51. Kxf4 f5 52. Kf3 Ke5 53. Ke3 f4+ 54. Kf3 Kf5 55. Kf2 Ke4 56. Ke2 f3+ 57. Kf2 Kf4 58. Kf1 Ke3 59. Ke1 f2+ 60. Kf1 Kf3 1/2-1/2


[Site "https://www.chess.com"]

[Event "Titled Tuesday Blitz July 11 Late 2023"]
[White "Nakamura, Hikaru"]
[Black "Chigaev, Maksim"]
[WhiteFideId "2016192"]
[BlackFideId "4108116"]
[WhiteElo "3231"]
[BlackElo "2962"]
[Result "1-0"]
[Round "6"]
[TimeControl "180+2"]
[Date "2023.07.11"]
[WhiteClock "0:00:16"]
[BlackClock "0:00:02"]
[Board "8"]

1. a3 e5 2. c4 Nc6 3. Nc3 g6 4. g3 Bg7 5. Bg2 d6 6. b4 f5 7. d3 Nf6 8. Bg5 h6 9. Bxf6 Bxf6 10. e3 O-O 11. Nge2 Bg7 12. Rc1 a6 13. O-O Kh7 14. f4 Bd7 15. Nd5 Rb8 16. Qd2 Ne7 17. Ndc3 c6 18. c5 Be6 19. Na4 Bg8 20. Nb6 Qc7 21. Nc4 Bxc4 22. Rxc4 d5 23. Rc2 e4 24. d4 g5 25. a4 Ng6 26. b5 axb5 27. axb5 cxb5 28. Rb1 gxf4 29. Nxf4 Nxf4 30. gxf4 Ra8 31. Rcb2 b6 32. cxb6 Qxb6 33. Rxb5 Qe6 34. Kh1 Ra6 35. Bh3 Qf7 36. Rg1 Qh5 37. Qg2 Qf3 38. Rxd5 Kh8 39. Bxf5 Ra2 40. Bxe4 Qxg2+ 41. Rxg2 Ra3 42. Rg3 Ra1+ 43. Kg2 Re8 44. Rd7 Ra2+ 45. Kf3 Bxd4 46. Rh7# 1-0


[Site "https://www.chess.com"]

[Event "Titled Tuesday Blitz July 11 Late 2023"]
[White "Caruana, Fabiano"]
[Black "Warmerdam, Max"]
[WhiteFideId "2020009"]
[BlackFideId "1048104"]
[WhiteElo "3108"]
[BlackElo "2806"]
[Result "1-0"]
[Round "6"]
[TimeControl "180+2"]
[Date "2023.07.11"]
[WhiteClock "0:01:10"]
[BlackClock "0:00:44"]
[Board "9"]

1. c4 g6 2. g3 Bg7 3. Bg2 Nf6 4. Nc3 O-O 5. d4 d6 6. Nf3 Nbd7 7. O-O e5 8. Qc2 exd4 9. Nxd4 Nb6 10. b3 c5 11. Nf3 Bf5 12. Qd2 d5 13. Nh4 Be6 14. Ba3 d4 15. Ne4 Nxe4 16. Bxe4 Qc7 17. Ng2 Rfe8 18. Bf3 Bg4 19. Bxg4 1-0


[Site "https://www.chess.com"]